 Dungeon Crawl Stone Soup version 0.31-a0-1388-g4b2ba238e7 (webtiles) character file.

Game seed: 2702660572565814139

126 drugrobin the Sneak (level 4, -6/37 HPs)
             Began as a Demigod Delver on Dec 25, 2023.
             Mangled by a gnoll
             ... wielding a +0 halberd
              (11 damage)
             ... on level 2 of the Dungeon.
             The game lasted 00:03:46 (1247 turns).

drugrobin the Sneak (Demigod Delver)                Turns: 1247, Time: 00:03:46

Health: -6/37      AC:  3    Str: 23    XL:     4   Next: 54%
Magic:  6/6        EV: 12    Int: 12    God:
Gold:   59         SH:  0    Dex: 15    Spells: 3/3 levels left

rFire   . . .        a - +3 mace
rCold   . . .        (no shield)
rNeg    . . .        m - +0 leather armour
rPois   .            (no helmet)
rElec   .            (no cloak)
rCorr   .            (no gloves)
SInv    +            (no boots)
Will    .....        (no amulet)
Stlth   +++          k - ring of see invisible
HPRegen 0.26/turn    q - +6 ring of strength
MPRegen 0.10/turn

%: no passive effects
@: no status effects
A: high MP 1, forlorn, divine attributes
a: no special abilities


You were on level 2 of the Dungeon.
You visited 1 branch of the dungeon, and saw 4 of its levels.

You collected 59 gold pieces.

Inventory:

Hand Weapons
 a - a +3 mace (weapon)
 b - a +0 sling
Armour
 m - a +0 leather armour (worn)
Jewellery
 k - a ring of see invisible (left hand)
 q - a +6 ring of strength (right hand)
Wands
 g - a wand of digging (3)
 j - a wand of charming (12)
Scrolls
 c - a scroll of fog
 d - a scroll of revelation
 e - a scroll of fear
 h - 2 scrolls of identify {unknown}
 i - 3 scrolls of enchant weapon {unknown}
 l - a scroll of teleportation {unknown}
 o - a scroll of poison {unknown}
Potions
 f - a potion of haste
 n - a potion of mutation {unknown}
 p - a potion of magic {unknown}


   Skills:
 - Level 2.6 Fighting
 + Level 3.5 Maces & Flails
 - Level 1.7 Dodging
 - Level 4.5 Stealth
 + Level 2.7 Evocations


You had 3 spell levels left.
You didn't know any spells.
Your spell library contained the following spells:

 Spells                   Type           Power      Damage    Failure   Level
 Sandblast                Erth           0%         2d4       36%         1
 Blink                    Tloc           0%         N/A       50%         2
 Lesser Beckoning         Tloc           0%         N/A       50%         2
 Momentum Strike          Conj/Tloc      0%         3d8       50%         2
 Passwall                 Alch/Erth      0%         N/A       50%         2
 Stone Arrow              Conj/Erth      0%         3d7       75%         3
 Animate Dead             Necr           0%         N/A       98%         4
 Brom's Barrelling Bould  Conj/Erth      0%         2d3       98%         4
 Haunt                    Necr/Summ      0%         N/A       100%        7
 Infestation              Necr           0%         N/A       100%        8


Dungeon Overview and Level Annotations

Branches:
Dungeon (5/15)
 Temple: D:4-7

Annotations:
D:5 exclusions: black bear, howler monkey and ice beast


Innate Abilities, Weirdness & Mutations

You have an increased reservoir of magic. (+10% MP)
You shall have no god before yourself.
Your divine heritage dramatically boosts your attributes as you level up.


Message History

You hear a shout!
The gnoll closely misses you.
A gnoll comes into view. It is wielding a +0 club.
You hear a shout!
a - a +3 mace (weapon)
You hear a shout!
The gnoll attacks as it pursues you!
The gnoll hits you with a +0 club. 2 gnolls come into view.
The gnoll attacks as it pursues you! The gnoll hits you with a +0 club.
The gnoll moves out of view.
You hit the gnoll.
The gnoll is severely wounded.
The gnoll barely misses you.
You barely miss the gnoll.
The gnoll is severely wounded.
The gnoll hits you with a +0 club. The gnoll hits you but does no damage.
You hit the gnoll.
You kill the gnoll!
You sock the gnoll!
The gnoll is heavily wounded.
You hit the gnoll.
The gnoll is heavily wounded.
The gnoll hits you with a +0 club.
You closely miss the gnoll.
The gnoll is heavily wounded.
The gnoll hits you with a +0 club. The gnoll barely misses you.
Unknown command.
The gnoll attacks as it pursues you! The gnoll barely misses you.
You closely miss the gnoll.
The gnoll is heavily wounded.
The gnoll closely misses you.
The gnoll hits you from afar with a +0 halberd!
The gnoll attacks as it pursues you!
The gnoll hits you from afar with a +0 halberd!
* * * LOW HITPOINT WARNING * * *
The gnoll attacks as it pursues you! The gnoll completely misses you.
You sock the gnoll!
You kill the gnoll!
The gnoll hits you from afar with a +0 halberd!
You die...

#. ###.####### #.# .#
.........# # #.# #g
.##.#####.##.## #.##.
.....>........# #... #
.##.#####.##..# #..##.##.#
.##...........# #.........
.########.##..#######..##.#
.#
######)##....@)gg).....#.#
.###...........###.##.##...#
..........##...# #........##
####.##.####.#.###.########
..)..##.# #.#.....#
###..##.####.###.### #
#..............### #
##.##..............# #
#.##..##.########.#


You could see 2 gnolls.

Vanquished Creatures
  A hound (D:4)
  A jelly (D:3)
  2 gnolls (D:2)
  3 adders
  A worm (D:2)
  A dart slug (D:5)
  An orc (D:5)
  2 endoplasms (D:3)
  2 giant cockroaches
  4 goblins
  3 hobgoblins
  A kobold (D:3)
  2 ball pythons
24 creatures vanquished.

Notes
Turn   | Place    | Note
-------+----------+-------------------------------------------
     0 | D:5      | drugrobin the Demigod Delver began the quest for the Orb.
     0 | D:5      | Reached XP level 1. HP: 18/18 MP: 3/3
    61 | D:5      | Noticed an ice beast
    63 | D:5      | Noticed a howler monkey
   128 | D:5      | Noticed an orc priest
   128 | D:5      | Noticed an ogre
   153 | D:5      | Noticed a black bear
   349 | D:4      | Reached skill level 1 in Evocations
   349 | D:4      | Reached XP level 2. HP: 18/25 MP: 4/4
   439 | D:4      | HP: 1/25 [adder (2)]
   553 | D:4      | Reached XP level 3. HP: 8/30 MP: 5/5
   759 | D:3      | Reached XP level 4. HP: 16/37 MP: 6/6
  1247 | D:2      | Mangled by a gnoll

Illustrated notes

Levels and vault maps discovered:
D:2:      layout_loops_ring
D:3:      layout_basic, mainiacjoe_overflow_tiny_flanked,
          minmay_shallow_snake_nest, uniq_jessica
D:4:      layout_rooms, worldfamousw_hep_ancestral_shrine
D:5:      layout_loops_ring, st_stairs_11, hangedman_decor_points

Skill      XL: |  1  2  3 |
---------------+----------+-----
Maces & Flails | 2 3 |  3.5
Evocations     | 1 2 |  2.7
Fighting       | |  2.6
Dodging        | |  1.7
Stealth        | |  4.5

Action                     |  1- 3 |  4- 6 || total
---------------------------+-------+-------++-------
  Melee: Mace              |    49 |    21 ||    70
   Fire: Sling             |     6 |    22 ||    28
    Use: Scroll            |     1 |       ||     1
   Stab: Distracted        |     1 |       ||     1
         Sleeping          |       |     1 ||     1
 Armour: Leather armour    |    41 |    20 ||    61
  Dodge: Dodged            |    39 |    16 ||    55

Table legend: (Time is in decaauts)
 A = Elapsed time spent in this place.
 B = Non-inter-level travel time spent in this place.
 C = Inter-level travel time spent in this place.
 D = Time resting spent in this place.
 E = Time spent auto-exploring this place.
 F = Levels seen in this place.
 G = Mean time per level.
                   A        B        C        D        E       F      G
               +--------+--------+--------+--------+--------+-----+--------+
         Total |   1271 |   1264 |      7 |    341 |    529 |   4 |  317.8 |
       Dungeon |   1271 |   1264 |      7 |    341 |    529 |   4 |  317.8 |
               +--------+--------+--------+--------+--------+-----+--------+

Top non-repeatable levels by time:
     D:3: 456 daAuts
     D:4: 356 daAuts
     D:5: 334 daAuts
     D:2: 124 daAuts
